 Dungeon Crawl Stone Soup version 0.25.1-2-g60ff931df9 (webtiles) character file.

Game seed: 7809819243283733009

2900 DoubleLucky the Destroyer (level 9, -4/62 HPs)
             Began as a Red Draconian Fire Elementalist on Oct 1, 2020.
             Killed from afar by Harold (8 damage)
             ... with a harpoon shot
             ... on level 6 of the Dungeon.
             The game lasted 00:52:28 (10906 turns).

DoubleLucky the Destroyer (DrFE)                   Turns: 10906, Time: 00:52:28

Health: -4/62      AC:  7    Str: 11    XL:     9   Next: 49%
Magic:  8/18       EV: 12    Int: 18    God:
Gold:   288        SH:  0    Dex: 12    Spells: 9/20 levels left

rFire    + . .     SeeInvis .   c - +2 whip (elec)
rCold    . . .     Gourm    .   (no shield)
rNeg     . . .     Faith    .   (armour unavailable)
rPois    .         Spirit   .   (helmet restricted)
rElec    .         Reflect  .   (no cloak)
rCorr    .         Harm     .   (no gloves)
MR       .....                  (no boots)
Stlth    ++........             (no amulet)
HPRegen  0.20/turn              r - ring of flight
MPRegen  0.16/turn              (no ring)

@: short of breath
A: breathe fire, unfitting armour, fire resistance 1, cold-blooded, AC +7
a: Breathe Fire, Evoke Flight


You were on level 6 of the Dungeon.
You were full.

You visited 2 branches of the dungeon, and saw 8 of its levels.

You collected 288 gold pieces.

Inventory:

Hand Weapons
 c - a +2 whip of electrocution (weapon)
 e - a +0 vampiric spear
 j - a +2 falchion of protection
 n - a +0 dagger of protection
Armour
 o - a +0 kite shield
Jewellery
 r - a ring of flight (left hand)
Wands
 g - a wand of acid (11)
 k - a wand of polymorph (8)
 t - a wand of paralysis (12)
Scrolls
 f - 3 scrolls of identify
 i - a scroll of amnesia
 m - 3 scrolls of remove curse
 s - 2 scrolls of teleportation
Potions
 a - a potion of mutation
 h - a potion of curing
 l - 2 potions of lignification
 p - a potion of might
 q - a potion of cancellation
 u - a potion of flight
Comestibles
 b - 7 rations


   Skills:
 - Level 0.2 Fighting
 - Level 1.2 Polearms
 - Level 2.2 Dodging
 - Level 2.4 Stealth
 + Level 6.2 Spellcasting
 * Level 8.9 Conjurations
 + Level 8.8 Fire Magic


You had 9 spell levels left.
You knew the following spells:

 Your Spells              Type           Power        Failure   Level  Hunger
a - Foxfire               Conj/Fire      ####         1%          1    None
b - Conjure Flame         Conj/Fire      #####...     1%          3    ##.....
c - Inner Flame           Hex/Fire       ###.....     6%          3    ##.....
d - Sticky Flame          Conj/Fire      #####...     3%          4    ####...

Your spell library contained the following spells:

 Spells                   Type           Power        Failure   Level  Hunger
 Fireball                 Conj/Fire      #####.....   9%          5    #####..


Dungeon Overview and Level Annotations

Branches:
Dungeon (7/15)             Temple (1/1) D:6

Altars:
Ashenzari
Cheibriados
Dithmenos
Elyvilon
Fedhas
Gozag
Hepliaklqana
Kikubaaqudgha
Makhleb
Nemelex Xobeh
Okawaru
Ru
Sif Muna
Trog
Uskayaw
Vehumet
Wu Jian
Xom
Yredelemnul
Zin
The Shining One

Annotations:
D:2 Terence
D:4 2 exclusions, Duvessa
D:6 Harold


Innate Abilities, Weirdness & Mutations

You can breathe blasts of fire.
Your fiery red scales are hard. (AC +7)
You cannot fit into any form of body armour.
Your flesh is heat resistant. (rF+)
You are cold-blooded and may be slowed by cold attacks.


Message History

Harold hits you but does no damage.
You climb upwards.
There is a stone staircase leading down here.
Harold burns!
Harold stops burning.
Harold hits you with a +1 vorpal hand axe!
There is an open door here.
Casting: Foxfire (safe; 1% risk of failure)
Confirm with . or Enter, or press ? or * to list all spells.
The fire begins to smolder!
Casting: Conjure Flame (safe; 1% risk of failure)
Confirm with . or Enter, or press ? or * to list all spells.
The fire ignites!
You are engulfed in blazing flames.
You resist. Harold completely misses you. Harold fires a harpoon shot at you.
The harpoon shot hits you!
* * * LOW HITPOINT WARNING * * *
You are yanked forward by the harpoon shot.
Harold fires a harpoon shot at you. The harpoon shot hits you!
You die...

##### #.#. ########### #...#
#.#. #.........# ##...# #.#.
#.........# #....# #.##
#.........# #....# ##...
#.........# #....# #.###
#.........########....###....
#.......>.@ยง..........'......
#.........##@.........###....
########'###.................
######## #.# #........##.......
#......# #.# #.............##..
#......# #.# #............#..#.
#......# #.# #............#....
#......# #.# #.............#...
#......###'###................>
#......<...................##..


You could see Harold.

Vanquished Creatures
  Pikel (D:3)
  Grinder (D:3)
  Sigmund (D:5)
  Eustachio (D:5)
  An ice beast (D:6)
  An orc warrior (D:5)
  A slave (D:4)
  A phantom (D:6)
  2 ogres
  2 centaurs (D:5)
  Blork the orc (D:5)
  2 bullfrogs (D:6)
  A gnoll sergeant (D:5)
  A wyvern zombie (D:6)
  A wight (D:5)
  A howler monkey (D:7)
  3 crimson imps
  A jelly (D:5)
  A gnoll shaman (D:6)
  2 orc priests (D:4)
  A centaur skeleton (D:4)
  2 hounds
  3 orc wizards (D:4)
  3 bullfrog skeletons
  An iguana (D:6)
  Ijyb (D:4)
  6 worker ants
  A killer bee zombie (D:5)
  A howler monkey zombie (D:6)
  Robin (D:2)
  A howler monkey skeleton (D:4)
  3 gnolls (D:6)
  10 adders
  A shadow imp (D:5)
  An adder skeleton (D:4)
  3 worms
  A dart slug (D:1)
  4 leopard geckos
  4 orcs
  2 ball pythons
  8 bats
  2 bat zombies (D:4)
  2 giant cockroaches (D:4)
  17 goblins
  8 hobgoblins
  16 jackals
  4 quokkas
  5 frilled lizards
  8 kobolds
  3 rats (D:3)
149 creatures vanquished.

Vanquished Creatures (others)
  5 dream sheep (D:3)
  634 foxfires
639 creatures vanquished.

Grand Total: 788 creatures vanquished

Notes
Turn   | Place    | Note
-------+----------+-------------------------------------------
     0 | D:1      | DoubleLucky the Draconian Fire Elementalist began the quest
                  | for the Orb.
     0 | D:1      | Reached XP level 1. HP: 14/14 MP: 3/3
   307 | D:1      | Reached XP level 2. HP: 11/20 MP: 1/5
  1091 | D:1      | Reached XP level 3. HP: 23/26 MP: 3/6
  1331 | D:1      | Reached skill level 1 in Polearms
  1560 | D:2      | Noticed Robin
  1738 | D:2      | Killed Robin
  1738 | D:2      | Reached XP level 4. HP: 24/33 MP: 2/7
  2276 | D:2      | Found a glowing golden altar of the Shining One.
  2276 | D:2      | Found a bloodstained altar of Trog.
  2277 | D:2      | Found a shimmering blue altar of Sif Muna.
  3157 | D:3      | Noticed a dream sheep
  3157 | D:3      | Noticed a dream sheep
  3157 | D:3      | Noticed a dream sheep
  3157 | D:3      | Noticed a dream sheep
  3157 | D:3      | Noticed a dream sheep
  3157 | D:3      | Found a shimmering altar of Xom.
  3162 | D:3      | Killed a dream sheep
  3163 | D:3      | Killed a dream sheep
  3163 | D:3      | Killed a dream sheep
  3163 | D:3      | Killed a dream sheep
  3164 | D:3      | Killed a dream sheep
  3167 | D:3      | Noticed Terence
  4069 | D:3      | Found a white marble altar of Elyvilon.
  4176 | D:3      | Reached XP level 5. HP: 36/38 MP: 6/9
  4215 | D:3      | Noticed Grinder
  4227 | D:3      | Killed Grinder
  4227 | D:3      | Reached XP level 6. HP: 45/45 MP: 0/11
  4327 | D:3      | Found a faded altar of an unknown god.
  4767 | D:3      | Found a shadowy altar of Dithmenos.
  4981 | D:4      | Found an ancient bone altar of Kikubaaqudgha.
  5030 | D:4      | Noticed Duvessa
  5051 | D:4      | Found a glowing silver altar of Zin.
  5066 | D:4      | Found a glowing drain.
  5107 | D:4      | Noticed a slave
  5107 | D:4      | Noticed a slave
  5135 | D:4      | Killed a slave
  5172 | D:4      | Noticed Pikel
  5175 | D:4      | Noticed a slave
  5179 | D:4      | Noticed a slave
  5320 | D:3      | Killed Pikel
  5320 | D:3      | Reached skill level 5 in Conjurations
  5320 | D:3      | Reached skill level 5 in Fire Magic
  5320 | D:3      | Your scales start taking on a fiery red colour.
  5320 | D:3      | Reached XP level 7. HP: 8/50 MP: 0/13
  5320 | D:3      | Gained mutation: Your flesh is heat resistant. (rF+) [Red
                  | Draconian growth]
  5598 | D:3      | Learned a level 3 spell: Conjure Flame
  5602 | D:3      | Learned a level 3 spell: Inner Flame
  5637 | D:4      | Noticed Ijyb
  5646 | D:4      | Killed Ijyb
  6233 | D:4      | Reached XP level 8. HP: 48/57 MP: 8/14
  6841 | D:5      | Entered Level 5 of the Dungeon
  6884 | D:5      | Noticed Sigmund
  6890 | D:5      | Killed Sigmund
  7072 | D:5      | Reached skill level 5 in Spellcasting
  7221 | D:5      | Noticed Eustachio
  7317 | D:5      | Killed Eustachio
  7386 | D:5      | Noticed Blork the orc
  7391 | D:5      | Killed Blork the orc
  7450 | D:5      | Learned a level 4 spell: Sticky Flame
  7810 | D:5      | Reached XP level 9. HP: 41/62 MP: 15/17
  8530 | D:6      | Found a staircase to the Ecumenical Temple.
  9936 | Temple   | Entered the Ecumenical Temple
 10590 | D:7      | Noticed Harold
 10905 | D:6      | HP: 3/62 [Harold/harpoon shot (16)]
 10906 | D:6      | Killed from afar by Harold

Illustrated notes

Levels and vault maps discovered:
D:1:      matt_arrival_diagonals, layout_loops_ring, item_on_display_a
D:2:      layout_loops_ring, grunt_temple_overflow_open, serial_glass,
          glass_columns_c, glass_columns_c, kennysheep_generic_room_6,
          uniq_robin
D:3:      layout_loops_ring, kb_xom_exploding_sheep, elyvilon_altar_1,
          lemuel_round_altar, chequers_ecumenical_altar_simple, uniq_grinder,
          uniq_terence
D:4:      layout_basic, zin_statuary, grunt_qazlal_sundering,
          lemuel_zombie_altar_kikubaaqudgha, first_ration,
          cheibrodos_sewer_entry_sluice, uniq_pikel, uniq_ijyb, uniq_duvessa
D:5:      layout_basic, sword_in_stone, uniq_sigmund
D:6:      minmay_chambers_of_threes, layout_basic,
          minmay_temple_entry_mini_moons, minivault_1, bh_chokoban,
          uniq_blork_the_orc
D:7:      layout_cave_pools, grunt_livestock, minmay_misc_feat_diagonals,
          uniq_harold
Temple:   nicolae_temple_figure_eight

Skill      XL: |  1  2  3  4  5  6  7  8  9 |
---------------+----------------------------+-----
Dodging        | 2 |  2.2
Polearms       | 1 |  1.2
Stealth        | 2 |  2.4
Fire Magic     | 4 6 8 |  8.8
Spellcasting   | 3 4 5 6 |  6.2
Conjurations   | 3 5 7 8 |  8.9
Fighting       | |  0.2

Action                   |  1- 3 |  4- 6 |  7- 9 || total
-------------------------+-------+-------+-------++-------
Melee: Spear             |    48 |    65 |       ||   113
       Unarmed           |     2 |       |       ||     2
       Tailslap          |     6 |     2 |     5 ||    13
       Whip              |       |       |    69 ||    69
Throw: Throwing net      |       |       |     2 ||     2
 Cast: Foxfire           |    64 |   127 |   199 ||   390
       Inner Flame       |       |       |    12 ||    12
       Sticky Flame      |       |       |     7 ||     7
       Conjure Flame     |       |       |     5 ||     5
 Abil: Breathe Fire      |       |       |     5 ||     5
Evoke: Wand              |       |       |     1 ||     1
  Use: Scroll            |     1 |    12 |     6 ||    19
       Potion            |       |     1 |     2 ||     3
 Stab: Sleeping          |       |       |     1 ||     1
  Eat: Chunk             |     3 |     1 |     6 ||    10
       Ration            |       |     3 |     6 ||     9
Armor: Skin              |    40 |    27 |    47 ||   114
Dodge: Dodged            |   105 |    76 |    75 ||   256
